[Event "Team 45 45 League T48"]
[Site "Internet Chess Club"]
[Date "2011.04.05"]
[Round "8"]
[White "bhandelman"]
[Black "tcianciola"]
[Result "0-1"]
[WhiteElo "1110"]
[BlackElo "1208"]
[Opening "Sicilian defense"]
[ECO "B30"]
[Time "09:13:18"]
[TimeControl "2700+45"]

1. e4 c5 2. Nf3 Nc6 3. Bc4 d6 4. O-O Nf6 5. Nc3 Bg4 6. d3 h6 7. Be3 e6 8. d4
cxd4 9. Bxd4 Nxd4 10. Qxd4 Be7 11. Bb5+ Nd7 12. e5 Bxf3 13. gxf3 a6 14. Bxd7+
Qxd7 15. Rad1 d5 16. Qg4 O-O 17. Kh1 Qc7 18. f4 Qc6 19. Qg2 f6 20. h4 fxe5 21.
Rg1 Rf7 22. fxe5 Bxh4 23. f4 Kf8 24. Rd4 Qc5 25. Qd2 Rd8 26. f5 Bg5 27. Qd3 Rxf5
28. Rf1 Rxf1+ 29. Qxf1+ Kg8 30. Qd1 Rf8 31. Qg4 Rf1+ 32. Kg2 Qf8 33. Nd1 Re1 34.
Qxe6+ Kh7 35. Rxd5 Re2+ 36. Kg3 Qf4+ 37. Kh3 Rh2# {White checkmated} 0-1

[Event "Team 45 45 League T48"]
[Site "Internet Chess Club"]
[Date "2011.04.01"]
[Round "8"]
[White "malihini"]
[Black "wildcat2023"]
[Result "0-1"]
[WhiteElo "1170"]
[BlackElo "1318"]
[Opening "Giuoco Piano"]
[ECO "C50"]
[Time "18:03:29"]
[TimeControl "2700+45"]

1. e4 e5 2. Nf3 Nc6 3. Bc4 Bc5 4. O-O Nf6 5. d3 d5 6. exd5 Nxd5 7. Re1 Bg4 8. c3
O-O 9. Nbd2 a6 10. b4 Be7 11. Qb3 Nf4 12. Nxe5 Nxe5 13. Rxe5 c6 14. Re4 Bd6 15.
g3 Ne2+ 16. Kf1 b5 17. Rxg4 Nxc1 18. Rxc1 bxc4 19. Qxc4 Qf6 20. Ne4 Qh6 21. f4
Qh3+ 22. Kg1 Qxg4 23. Nxd6 Qe2 24. Ne4 Qe3+ {White resigns} 0-1

[Event "Team 45 45 League T48"]
[Site "Internet Chess Club"]
[Date "2011.04.03"]
[Round "8"]
[White "iwin2"]
[Black "dpmdpm"]
[Result "1-0"]
[WhiteElo "1241"]
[BlackElo "1480"]
[Opening "Sicilian: Grand Prix attack"]
[ECO "B23"]
[Time "10:00:11"]
[TimeControl "2700+45"]

1. e4 c5 2. Nc3 Nc6 3. f4 d6 4. Nf3 e6 5. Bc4 g6 6. d3 Bg7 7. O-O a6 8. a3 Qc7
9. Qe1 b5 10. Ba2 Bb7 11. f5 Nf6 12. fxe6 fxe6 13. Bxe6 Bc8 14. Bd5 Rb8 15. Bf4
Ne7 16. e5 Nfxd5 17. exd6 Qc6 18. Nxd5 Qxd5 19. Qxe7# {Black checkmated} 1-0

[Event "Team 45 45 League T48"]
[Site "Internet Chess Club"]
[Date "2011.04.01"]
[Round "8"]
[White "otib2006"]
[Black "Nosaj"]
[Result "1-0"]
[WhiteElo "1278"]
[BlackElo "1346"]
[Opening "Sicilian defense"]
[ECO "B20"]
[Time "19:00:18"]
[TimeControl "2700+45"]

1. e4 c5 2. Bc4 e6 3. Nf3 d5 4. exd5 exd5 5. Bb5+ Nc6 6. Bxc6+ bxc6 7. O-O Be7
8. Nc3 Nf6 9. d4 O-O 10. Ne5 Qc7 11. Bf4 Bd6 12. Re1 Bg4 13. Nxg4 Nxg4 14. Qxg4
Bxf4 15. g3 f5 16. Qf3 cxd4 17. Nxd5 cxd5 18. Qxd5+ Kh8 19. gxf4 Qxf4 20. Qe5
Qg5+ 21. Qg3 Qd8 22. Rad1 Re8 23. Rxe8+ Qxe8 24. Rxd4 Qe1+ 25. Kg2 Qe8 26. Qd3
Qc6+ 27. Kg1 Qg6+ 28. Kf1 Qe8 29. Qxf5 h6 30. Qe4 Qb5+ 31. Kg1 Qg5+ 32. Kf1 Rf8
33. Qg4 Qc1+ 34. Qd1 Qg5 35. Rd7 Qf5 36. Qd2 Qh3+ 37. Kg1 Qg4+ 38. Kf1 Qf3 39.
Kg1 Kh7 40. Qd3+ Qxd3 41. Rxd3 Kg6 42. Rd7 Kf6 43. Rxa7 g5 44. Ra6+ Kg7 45. Ra7+
Kg6 46. Kg2 Kh5 47. Ra5 Kh4 48. c4 Kg4 49. b4 h5 50. Rd5 h4 51. Rd4+ Kh5 52. a4
g4 53. Rd5+ Kh6 54. c5 h3+ 55. Kg3 Rf3+ 56. Kxg4 Rxf2 57. Kxh3 Rf4 58. Rd6+ Kg5
59. Rb6 Rf3+ 60. Kg2 Kg4 61. Rg6+ Kf4 62. Rf6+ Ke4 63. Rxf3 Kd5 64. Rf5+ Kc6 65.
h4 Kb7 66. h5 Kc6 67. h6 Kd7 68. h7 Ke6 69. Rf8 Kd7 70. h8=Q Kc6 71. Rc8+ Kb7
72. Rb8+ Ka7 73. Ra8+ Kb7 74. Qb8+ Kc6 75. Qb6+ Kd5 76. c6 Kc4 77. c7 Kb3 78.
c8=Q Ka3 79. Qc3+ Ka2 80. Qe6+ Kb1 81. Qee1+ Ka2 82. Qe2+ Kb1 83. Qce1# {Black
checkmated} 1-0

[Event "Team 45 45 League T48"]
[Site "Internet Chess Club"]
[Date "2011.04.02"]
[Round "8"]
[White "iceface"]
[Black "PsyMar"]
[Result "0-1"]
[WhiteElo "1243"]
[BlackElo "1327"]
[Opening "Four knights: Italian variation"]
[ECO "C47"]
[Time "13:54:36"]
[TimeControl "2700+45"]

1. e4 Nf6 2. Nc3 e5 3. Nf3 Nc6 4. Bc4 Bb4 5. a3 Bxc3 6. dxc3 Nxe4 7. Qe2 d5 8.
Bb5 Bg4 9. h3 Bxf3 10. Qxf3 Nd6 11. Qxd5 Nxb5 12. Qxb5 O-O 13. O-O a6 14. Qd3
Re8 15. Re1 Qd6 16. Qxd6 cxd6 17. Bd2 Rac8 18. Rad1 h6 19. Be3 Re6 20. Rd2 Ne7
21. Red1 d5 22. Rd3 d4 23. cxd4 Rxc2 24. R3d2 Rxd2 25. Rxd2 Nf5 26. d5 Rd6 27.
Bc5 Rd7 28. d6 f6 29. g4 Nh4 30. Rd1 Kf7 31. Bb6 Nf3+ 32. Kg2 Nd4 33. Bxd4 Rxd6
34. Kf3 Rxd4 35. Ke2 Rxd1 36. Kxd1 Ke6 37. Ke2 g5 38. Kd3 Kd5 39. Ke3 e4 40. f3
exf3 41. Kxf3 Ke5 42. b4 b5 43. Ke3 f5 44. gxf5 Kxf5 45. Kd4 h5 46. Kc5 g4 47.
hxg4+ hxg4 48. Kb6 g3 49. Kxa6 g2 50. Kxb5 g1=Q 51. a4 Ke6 52. a5 Kd6 53. a6 Qa7
54. Ka5 Kc6 55. b5+ Kc5 56. Ka4 Qb6 57. a7 {White resigns} 0-1

[Event "Team 45 45 League T48"]
[Site "Internet Chess Club"]
[Date "2011.04.05"]
[Round "8"]
[White "Oblio"]
[Black "Uwak"]
[Result "1-0"]
[WhiteElo "2406"]
[BlackElo "2383"]
[Opening "Sicilian: Najdorf"]
[ECO "B90"]
[Time "09:00:20"]
[TimeControl "2700+45"]

1. e4 c5 2. Nf3 d6 3. d4 cxd4 4. Nxd4 Nf6 5. Nc3 a6 6. f3 e5 7. Nb3 Be7 8. Be3
Be6 9. Qd2 O-O 10. O-O-O Nbd7 11. g4 b5 12. Rg1 Nb6 13. g5 Nh5 14. f4 Nxf4 15.
Bxf4 exf4 16. Qxf4 Qc7 17. Kb1 Rac8 18. Bd3 g6 19. Nd4 b4 20. Nd5 Nxd5 21. exd5
Bxd5 22. Nf5 Qa7 23. h4 Be6 24. Nxe7+ Qxe7 25. Qxb4 Rc5 26. Rgf1 a5 27. Qd4 Rb8
28. Rf4 Rb4 29. Qf2 Qb7 30. Rxb4 axb4 31. Qf6 Qa8 32. b3 Ra5 33. h5 gxh5 34. g6
hxg6 35. Bxg6 Qa7 36. Rh1 Bxb3 37. axb3 fxg6 38. Qxg6+ Qg7 39. Qe8+ Kh7 40.
Rxh5+ Rxh5 41. Qxh5+ Kg8 42. Qe8+ Qf8 43. Qg6+ Qg7 44. Qe6+ Kf8 45. Qc8+ Kf7 46.
Qb7+ Kf6 47. Qxb4 Qg3 48. Qe4 Qc3 49. Ka2 d5 50. Qd3 Qc5 51. Kb2 Ke6 52. Qc3 Qb6
53. b4 Kd7 54. Kb3 Qg1 55. b5 Qb1+ 56. Ka4 Qg1 57. Qc6+ Ke7 58. Qxd5 Qa1+ 59.
Kb4 Qb1+ 60. Qb3 Qe1+ 61. Qc3 Qb1+ 62. Kc5 Qg1+ 63. Qd4 Qg5+ 64. Kb4 Ke6 65.
Qb6+ Kf7 66. Qc7+ Ke8 67. Qc8+ Kf7 68. Qd7+ Kf8 69. b6 {Black resigns} 1-0

[Event "Team 45 45 League T48"]
[Site "Internet Chess Club"]
[Date "2011.04.02"]
[Round "8"]
[White "searchforbobby1"]
[Black "BlazekaMatej"]
[Result "0-1"]
[WhiteElo "2203"]
[BlackElo "2128"]
[Opening "Giuoco Piano"]
[ECO "C54"]
[Time "14:03:46"]
[TimeControl "2700+45"]

1. e4 e5 2. Nf3 Nc6 3. Bc4 Bc5 4. c3 Nf6 5. d3 d6 6. O-O O-O 7. Nbd2 a6 8. Bb3
Ba7 9. Nc4 Ne7 10. Ne3 c6 11. Bc2 Ng6 12. Nf5 d5 13. Bg5 h6 14. Be3 Bxe3 15.
fxe3 dxe4 16. dxe4 Qb6 17. Rb1 Bxf5 18. exf5 Qxe3+ 19. Kh1 Nf4 20. Re1 Qf2 21.
Qd2 Qxd2 22. Nxd2 Rfe8 23. g3 N4d5 24. Nc4 e4 25. Nd6 Re5 26. Bxe4 Rd8 27. Nxb7
Rd7 28. Nc5 Rde7 29. Kg2 Nxe4 30. Nxa6 Rxf5 31. Re2 Rfe5 32. Rbe1 f5 33. Nc5 Re8
34. Nd3 R5e7 35. c4 Ndf6 36. Nb4 c5 37. Nd3 Kf7 38. b3 Rd7 39. Re3 Ra7 40. R1e2
Rea8 41. Nc1 g6 42. Rd3 Rd7 43. Rde3 Rad8 44. h3 Rd2 45. Rxd2 Rxd2+ 46. Re2
Rxe2+ 47. Nxe2 g5 48. Kf3 Ke6 49. Ke3 Ke5 50. a3 Nxg3 51. Nc3 f4+ 52. Kf3 Nf5
53. b4 Nd4+ 54. Kg2 cxb4 55. axb4 Nc2 56. b5 Ne3+ 57. Kf3 Nxc4 58. Na4 Nd5 59.
Nc5 Ncb6 60. h4 Nc3 61. hxg5 hxg5 62. Nd3+ Kf5 {White resigns} 0-1

[Event "Team 45 45 League T48"]
[Site "Internet Chess Club"]
[Date "2011.04.04"]
[Round "8"]
[White "BlackHorse"]
[Black "screamingeagle"]
[Result "1-0"]
[WhiteElo "2073"]
[BlackElo "1973"]
[Opening "French: Winawer (Nimzovich) variation"]
[ECO "C15"]
[Time "20:33:43"]
[TimeControl "2700+45"]

1. e4 e6 2. d4 d5 3. Nc3 Bb4 4. Bd3 dxe4 5. Bxe4 Nf6 6. Bd3 O-O 7. Nf3 b6 8. O-O
Bb7 9. Bf4 Na6 10. Qe2 Qc8 11. Bg5 Nd7 12. Ne4 f6 13. Bf4 e5 14. dxe5 fxe5 15.
Bxe5 Rxf3 16. Bc4+ Kh8 17. Bxg7+ Kxg7 18. Qxf3 Qe8 19. Rad1 Kh8 20. Bd5 Bxd5 21.
Rxd5 Bf8 22. Rfd1 Ndc5 23. Ng5 Ne6 24. h4 Nxg5 25. Rxg5 Bg7 26. Rd7 Rd8 27.
Rdxg7 Qe1+ 28. Kh2 Qb4 29. Rg8+ {Black resigns} 1-0

[Event "Team 45 45 League T48"]
[Site "Internet Chess Club"]
[Date "2011.04.04"]
[Round "8"]
[White "gaibo4ever"]
[Black "Freitac"]
[Result "1-0"]
[WhiteElo "2097"]
[BlackElo "1948"]
[Opening "Caro-Kann: Tartakower (fantasy) variation"]
[ECO "B12"]
[Time "17:06:35"]
[TimeControl "2700+45"]

1. e4 c6 2. d4 d5 3. f3 dxe4 4. fxe4 e5 5. Nf3 Bg4 6. Bc4 Nd7 7. c3 b5 8. Bb3
Ngf6 9. O-O Bd6 10. Qe1 O-O 11. Bg5 Qb6 12. Nbd2 Rae8 13. Be3 exd4 14. cxd4 Nxe4
15. Nxe4 Rxe4 16. Ng5 Re7 17. Qh4 h6 18. Nxf7 Rxe3 19. Nxh6+ {Black resigns} 1-0

[Event "Team 45 45 League T48"]
[Site "Internet Chess Club"]
[Date "2011.04.03"]
[Round "8"]
[White "onslaught"]
[Black "DieHappy"]
[Result "0-1"]
[WhiteElo "2231"]
[BlackElo "2567"]
[Opening "King's Indian: fianchetto, classical variation, 8.e4"]
[ECO "E68"]
[Time "19:09:14"]
[TimeControl "2700+45"]

1. d4 Nf6 2. c4 g6 3. Nc3 Bg7 4. Nf3 O-O 5. g3 d6 6. Bg2 Nbd7 7. O-O e5 8. e4
exd4 9. Nxd4 Re8 10. h3 a6 11. Be3 Rb8 12. b3 c5 13. Nde2 b5 14. Qxd6 b4 15. Na4
Nxe4 16. Bxe4 Rxe4 17. Nxc5 Bf8 18. Qxb8 Nxb8 19. Nxe4 Qe7 20. Nd2 Bxh3 21. Rfe1
Bg7 22. Rac1 g5 23. Kh2 Bc8 24. Nf3 h6 25. Bd4 Nc6 26. Neg1 Qd8 27. Bxg7 Kxg7
28. Rcd1 Qf6 29. Rd2 Ne7 30. Nd4 h5 31. Ngf3 Ng6 32. Kg1 h4 33. Re8 Bb7 34. Re3
Kh7 35. c5 hxg3 36. fxg3 g4 37. Ne1 Qg5 38. Nec2 Qxc5 39. Rh2+ Kg7 40. Kf1 a5
41. Rf2 Ba6+ 42. Ke1 Bc8 43. Kd1 Ne5 44. Kc1 Kg6 45. Kb1 Bb7 46. Rf4 f6 47. Nf5
Ba6 48. Ne1 Kg5 49. Nd4 Qd5 50. Kc2 a4 51. Rf5+ Kg6 52. Rf4 a3 53. Nf5 Kg5 54.
Nd4 Qh1 55. Rf2 Bb7 56. Ne6+ Kg6 57. Nf4+ Kf7 58. Nfg2 Qg1 59. Ree2 Be4+ 60. Kd2
Nf3+ 61. Ke3 Bc6 62. Nd3 Qa1 63. Rc2 Qd4+ 64. Ke2 Bb5 {White resigns} 0-1

[Event "Team 45 45 League T48"]
[Site "Internet Chess Club"]
[Date "2011.04.05"]
[Round "8"]
[White "sandham"]
[Black "ThuG"]
[Result "1-0"]
[WhiteElo "2155"]
[BlackElo "2136"]
[Opening "Queen's Indian: Petrosian system"]
[ECO "E12"]
[Time "06:11:53"]
[TimeControl "2700+45"]

1. d4 Nf6 2. Nf3 e6 3. c4 b6 4. a3 Bb7 5. Nc3 Be7 6. Qc2 d5 7. cxd5 exd5 8. Bf4
c6 9. e4 dxe4 10. Nxe4 O-O 11. Bd3 Nbd7 12. O-O Nxe4 13. Bxe4 Nf6 14. Bf5 g6 15.
Bd3 Rc8 16. Rad1 Re8 17. b4 Nd5 18. Bg3 a5 19. bxa5 b5 20. a6 Bxa6 21. Ne5 Bb7
22. a4 f6 23. Bxg6 fxe5 24. Bxh7+ Kh8 25. Qg6 Nf4 26. Bxf4 exf4 27. Bg8 {Black
resigns} 1-0

[Event "Team 45 45 League T48"]
[Site "Internet Chess Club"]
[Date "2011.04.04"]
[Round "8"]
[White "DreadHead"]
[Black "grabuark"]
[Result "1-0"]
[WhiteElo "2232"]
[BlackElo "2064"]
[Opening "Trompowsky attack (Ruth, Opocenský opening)"]
[ECO "A45"]
[Time "14:03:59"]
[TimeControl "2700+45"]

1. d4 Nf6 2. Bg5 Ne4 3. Bf4 e6 4. Nf3 d5 5. Nbd2 Bd6 6. e3 O-O 7. Bd3 f5 8. O-O
Nc6 9. c3 Bd7 10. Re1 Be8 11. Qb3 a5 12. a4 Rb8 13. Bxd6 Nxd6 14. Bb5 Ne7 15.
Ne5 c6 16. Be2 Ng6 17. Ndf3 Ne4 18. Nxg6 Bxg6 19. Ne5 Qh4 20. f3 Qf2+ 21. Kh1
Nf6 22. Bd3 Rfd8 23. Re2 Qh4 24. Qb6 Nd7 25. Nxd7 Rxd7 26. Qxa5 Qf6 27. Qb4 e5
28. dxe5 Qxe5 29. Kg1 Re8 30. Rae1 Rde7 31. c4 d4 32. c5 dxe3 33. Rxe3 Qc7 34.
Rxe7 Rxe7 35. Rxe7 Qxe7 36. Kf2 f4 37. Qc4+ Kh8 38. Qxf4 Qxc5+ 39. Kg3 Be8 40.
Qf5 Qd6+ 41. f4 g6 42. Qe5+ Qxe5 43. fxe5 Kg7 44. Kf4 b6 45. b4 Bd7 46. a5 bxa5
47. bxa5 Bc8 48. Ke4 Kf7 49. Kd4 Ke7 50. a6 g5 51. a7 Bb7 52. Kc5 Ke6 53. Be4
{Black resigns} 1-0

[Event "Team 45 45 League T48"]
[Site "Internet Chess Club"]
[Date "2011.04.01"]
[Round "8"]
[White "Ptzz"]
[Black "spacecadet"]
[Result "1/2-1/2"]
[WhiteElo "2104"]
[BlackElo "2117"]
[Opening "King's Indian: orthodox, Aronin-Taimanov, bayonet attack"]
[ECO "E97"]
[Time "14:00:57"]
[TimeControl "2700+45"]

1. d4 Nf6 2. c4 g6 3. Nc3 Bg7 4. e4 d6 5. Be2 O-O 6. Nf3 e5 7. O-O Nc6 8. d5 Ne7
9. b4 Nh5 10. Re1 f5 11. Ng5 Nf6 12. Bf3 c6 13. Bb2 cxd5 14. cxd5 h6 15. Ne6
Bxe6 16. dxe6 fxe4 17. Nxe4 Nxe4 18. Rxe4 d5 19. Rxe5 Bxe5 20. Bxe5 Qb6 21. Bb2
Rad8 22. Qd2 d4 23. Re1 Rf6 24. Bd1 Kh7 25. Bc1 g5 26. Qd3+ Kg7 27. Bb3 Qxb4 28.
Bd2 Qc5 29. h4 Qf5 30. Qg3 Re8 31. f4 Nd5 32. Bxd5 Qxd5 33. fxg5 Rg6 34. Qc7+
Kh8 35. Re5 Qxa2 36. h5 Rgxe6 37. g6 R8e7 38. Qd8+ Re8 39. Qd7 R8e7 40. Qd8+ Re8
41. Qd7 R8e7 42. Qd8+ Re8 43. Qd7 {Game drawn by repetition} 1/2-1/2

[Event "Team 45 45 League T48"]
[Site "Internet Chess Club"]
[Date "2011.04.01"]
[Round "8"]
[White "crazyhorses"]
[Black "Berke"]
[Result "1-0"]
[WhiteElo "1575"]
[BlackElo "1515"]
[Opening "Réti v Dutch"]
[ECO "A04"]
[Time "14:00:09"]
[TimeControl "2700+45"]

1. Nf3 f5 2. b3 e6 3. Bb2 Nf6 4. g3 Be7 5. Bg2 d6 6. c4 O-O 7. O-O Qe8 8. Nc3
Nc6 9. Nb5 Bd8 10. Nfd4 Bd7 11. Re1 a6 12. Nxc6 bxc6 13. Nd4 e5 14. Nc2 Rb8 15.
d4 e4 16. f4 d5 17. c5 a5 18. Bc3 Ra8 19. Ne3 Be7 20. Qd2 Qh5 21. Bxa5 Ra7 22.
Bc3 Ng4 23. Nxg4 Qxg4 24. e3 Bc8 25. Qe2 Qxe2 26. Rxe2 Ba6 27. Rb2 Rfa8 28. a4
Bd3 29. Bf1 Bxf1 30. Kxf1 g5 31. a5 gxf4 32. gxf4 Kf7 33. Rg2 Rg8 34. Rxg8 Kxg8
35. Ra2 Kf7 36. Rg2 Bh4 37. b4 Bf6 38. Ra2 Bh4 39. Kg2 Be7 40. Be1 Bf6 41. Kh3
h5 42. Bh4 Bg7 43. Bg5 Kg6 44. a6 Bf8 45. Bd8 Bg7 46. Bxc7 Rxc7 47. a7 Rb7 48.
a8=Q Rxb4 49. Qxc6+ Kh7 50. Rg2 {Black resigns} 1-0

[Event "Team 45 45 League T48"]
[Site "Internet Chess Club"]
[Date "2011.04.02"]
[Round "8"]
[White "krysto"]
[Black "mongmong"]
[Result "0-1"]
[WhiteElo "1488"]
[BlackElo "1640"]
[Opening "French: Tarrasch, open variation"]
[ECO "C07"]
[Time "20:02:00"]
[TimeControl "2700+45"]

1. e4 e6 2. d4 d5 3. Nd2 c5 4. c3 cxd4 5. cxd4 dxe4 6. Nxe4 Bb4+ 7. Nc3 Nf6 8.
Qa4+ Nc6 9. Bb5 Bd7 10. Bxc6 Bxc3+ 11. bxc3 Bxc6 12. Qb4 Bxg2 13. Ba3 Qd7 14.
Ne2 Bxh1 15. Rd1 Bf3 16. c4 O-O-O 17. Rd3 Bxe2 18. Kxe2 Qc6 19. f3 Qb6 20. Qe7
Rd7 21. c5 Qb2+ 22. Bxb2 Rxe7 23. a4 Nd5 24. Rb3 Rhe8 25. Ba3 Rc7 26. a5 Rc6 27.
Bc1 e5 28. Kd3 exd4 29. Kxd4 Rd8 30. Kc4 Nc7 31. Bf4 Na6 32. Rb5 Rd1 33. Be5 f6
34. Bg3 Rc1+ 35. Kd5 R1xc5+ 36. Rxc5 Nxc5 {White resigns} 0-1

[Event "Team 45 45 League T48"]
[Site "Internet Chess Club"]
[Date "2011.04.05"]
[Round "8"]
[White "seattleblues"]
[Black "Elalfer"]
[Result "1-0"]
[WhiteElo "1448"]
[BlackElo "1332"]
[Opening "Sicilian: Alapin's variation (2.c3)"]
[ECO "B22"]
[Time "19:00:05"]
[TimeControl "2700+45"]

1. e4 c5 2. c3 Nf6 3. e5 Nd5 4. d4 d6 5. Bc4 Nb6 6. Bb3 dxe5 7. dxe5 Qxd1+ 8.
Bxd1 Nc6 9. Nf3 g6 10. O-O Bg7 11. Re1 Nc4 12. Bf4 Nxb2 13. Be2 Na4 14. Bb5 Nb6
15. Be3 Nd7 16. Bxc6 bxc6 17. Bd2 e6 18. Na3 Ba6 19. Rac1 O-O 20. Bf4 Rab8 21.
Rb1 Bd3 22. Rbd1 c4 23. Nxc4 Bxc4 24. Rxd7 Bxa2 25. Rxa7 Bb3 26. Nd4 c5 27. Nc6
Rb5 28. Na5 c4 29. h3 h5 30. Nb7 Rd5 31. Nd6 Rd3 32. Ne4 f5 33. Nf6+ Bxf6 34.
exf6 Rxf6 35. Bh6 Rf7 36. Ra8+ Kh7 37. Bf4 Rxc3 38. Be5 Rd3 39. Rh8# {Black
checkmated} 1-0

[Event "Team 45 45 League T48"]
[Site "Internet Chess Club"]
[Date "2011.04.03"]
[Round "8"]
[White "tamky70"]
[Black "Conjurer"]
[Result "0-1"]
[WhiteElo "1358"]
[BlackElo "1277"]
[Opening "Sicilian: closed"]
[ECO "B23"]
[Time "12:00:25"]
[TimeControl "2700+45"]

1. e4 c5 2. Nc3 d6 3. g3 e5 4. Bg2 Nf6 5. Nge2 Be7 6. O-O O-O 7. d3 Nc6 8. Bg5
Bg4 9. f3 Be6 10. Qd2 a6 11. f4 Nd7 12. Bxe7 Qxe7 13. f5 Nd4 14. fxe6 Qxe6 15.
Nd5 Nf6 16. Nxf6+ gxf6 17. Nxd4 cxd4 18. Rf5 Kh8 19. Raf1 Rg8 20. Rxf6 Qxa2 21.
b3 Rac8 22. Rxf7 Rxc2 23. Rxh7+ Kxh7 24. Rf7+ Rg7 25. Rxg7+ Kxg7 26. Qg5+ Kf7
27. Qf5+ Ke7 28. Qh7+ Kd8 29. Qg8+ Kc7 30. Qf7+ Kb6 31. Bf1 Rxh2 32. Qd5 Qf2#
{White checkmated} 0-1

[Event "Team 45 45 League T48"]
[Site "Internet Chess Club"]
[Date "2011.04.03"]
[Round "8"]
[White "oldsj"]
[Black "dinosaurs01"]
[Result "1-0"]
[WhiteElo "1590"]
[BlackElo "1474"]
[Opening "Sicilian: Taimanov variation"]
[ECO "B46"]
[Time "13:00:51"]
[TimeControl "2700+45"]

1. e4 c5 2. Nf3 e6 3. d4 cxd4 4. Nxd4 Nc6 5. Nc3 a6 6. Be2 Nf6 7. O-O Be7 8. Be3
Nxd4 9. Qxd4 O-O 10. e5 Ne8 11. Rad1 f6 12. Bf4 fxe5 13. Bxe5 Bf6 14. Ne4 Bxe5
15. Qxe5 Nf6 16. Nd6 Qe7 17. Bf3 Qd8 18. Bxb7 Bxb7 19. Nxb7 Qb6 20. Nd6 Rab8 21.
b3 Qc6 22. c4 Ra8 23. Qe3 Nh5 24. Qe4 Qc5 25. Qd4 Qg5 26. Ne4 Qg6 27. Nc5 Nf4
28. Qe4 Qxe4 29. Nxe4 Rad8 30. Nc5 Ne2+ 31. Kh1 d5 32. Nxe6 {Black resigns} 1-0

[Event "Team 45 45 League T48"]
[Site "Internet Chess Club"]
[Date "2011.04.03"]
[Round "8"]
[White "zigzag2002"]
[Black "Risto"]
[Result "0-1"]
[WhiteElo "1736"]
[BlackElo "1273"]
[Opening "French: Tarrasch, Guimard main line"]
[ECO "C04"]
[Time "13:00:08"]
[TimeControl "2700+45"]

1. e4 e6 2. d4 d5 3. Nd2 Nc6 4. Ngf3 Nf6 5. e5 Nd7 6. Bd3 Nb4 7. Be2 f6 8. exf6
Nxf6 9. c3 Nc6 10. Nb3 Bd6 11. Bg5 O-O 12. O-O e5 13. c4 {White disconnected and
forfeits} 0-1

[Event "Team 45 45 League T48"]
[Site "Internet Chess Club"]
[Date "2011.04.05"]
[Round "8"]
[White "stan-beers"]
[Black "cys456"]
[Result "1-0"]
[WhiteElo "1490"]
[BlackElo "1375"]
[Opening "Sicilian defense"]
[ECO "B30"]
[Time "17:59:20"]
[TimeControl "2700+45"]

1. e4 c5 2. Nf3 Nc6 3. Be2 g6 4. O-O Bg7 5. a3 e6 6. Ra2 Nge7 7. b3 O-O 8. Bb2
e5 9. c4 d6 10. Nc3 f5 11. d3 a6 12. Nd5 Nxd5 13. cxd5 Nd4 14. Bxd4 cxd4 15. a4
b6 16. b4 h6 17. Qc1 Bb7 18. Nd2 Rc8 19. Rc2 Rxc2 20. Qxc2 f4 21. b5 axb5 22.
axb5 Qd7 23. Nc4 Qc7 24. Bg4 Bc8 25. Bxc8 Rxc8 26. Qe2 h5 27. Ra1 Qd8 28. h3 Rb8
29. f3 Bf8 30. Ra6 Ra8 31. Qa2 Rc8 32. Qa1 Rb8 33. Ra7 Qe8 34. Qb1 Qc8 35. Ra6
Qd8 36. Qb4 Qc7 37. Qa4 Qc5 38. Ra7 Qc8 39. Qa6 Qxa6 40. Rxa6 Be7 41. Rxb6 Rxb6
42. Nxb6 Kf8 43. Kh2 Ke8 44. g3 g5 45. gxf4 gxf4 46. Nc4 Kd8 47. b6 Kc8 48. Na5
Bd8 49. b7+ Kc7 50. Nc6 Kxb7 51. Nxd8+ Kc7 52. Ne6+ Kd7 53. Kg2 h4 54. Nf8+ Ke8
55. Ng6 Kf7 56. Nxh4 Kf6 57. Nf5 Kf7 58. h4 Kg6 59. Nxd6 {Black resigns} 1-0

[Event "Team 45 45 League T48"]
[Site "Internet Chess Club"]
[Date "2011.04.03"]
[Round "8"]
[White "tyler66"]
[Black "Fogbound"]
[Result "1-0"]
[WhiteElo "1525"]
[BlackElo "1284"]
[Opening "Caro-Kann: exchange variation"]
[ECO "B13"]
[Time "14:00:13"]
[TimeControl "2700+45"]

1. e4 c6 2. d4 d5 3. exd5 cxd5 4. Nc3 Nf6 5. g3 e6 6. Bg2 Be7 7. Bf4 a6 8. Qe2
Nc6 9. Nf3 b5 10. h4 Bb7 11. b3 Bb4 12. Bd2 Ba3 13. Bc1 Bxc1 14. Rxc1 Qa5 15.
Qd2 b4 16. Na4 Ne4 17. Qd3 Qb5 18. Bf1 Qa5 19. Nd2 Nc3 20. Ra1 O-O 21. Nxc3 bxc3
22. Nb1 Nb4 23. Qxc3 Rac8 24. Qd2 Nxc2+ 25. Kd1 Qc7 26. Bd3 Nxa1 27. g4 Qb6 28.
Ke2 Qxd4 29. Bxh7+ Kxh7 30. Qxd4 Rc2+ 31. Kf3 e5 32. Qb6 e4+ 33. Kg3 Bc8 34. Kf4
Rxf2+ 35. Qxf2 f5 36. g5 Re8 37. Qb2 e3 38. Qxa1 Re4+ 39. Kf3 e2 40. Nd2 e1=N+
41. Rxe1 Rxh4 42. Rh1 Rxh1 43. Qxh1+ Kg8 44. g6 Kf8 45. Qh8+ Ke7 46. Qxg7+
{Black resigns} 1-0

[Event "Team 45 45 League T48"]
[Site "Internet Chess Club"]
[Date "2011.04.01"]
[Round "8"]
[White "BrianWood"]
[Black "Oscar"]
[Result "0-1"]
[WhiteElo "1416"]
[BlackElo "1526"]
[Opening "French: Tarrasch, closed variation"]
[ECO "C05"]
[Time "22:00:37"]
[TimeControl "2700+45"]

1. e4 e6 2. d4 d5 3. Nd2 Nf6 4. e5 Nfd7 5. Ngf3 c5 6. dxc5 Nxc5 7. Be2 Nc6 8.
O-O Be7 9. Nb3 Nd7 10. Bf4 g5 11. Be3 Ncxe5 12. Nxe5 Nxe5 13. Bd4 Qc7 14. Bb5+
Bd7 15. Bxd7+ Kxd7 16. c4 f6 17. cxd5 exd5 18. Rc1 Nc6 19. Qg4+ Kd8 20. Qf5 Qd7
21. Qxd7+ Kxd7 22. Nc5+ Bxc5 23. Bxc5 b6 24. Be3 Rhe8 25. Rfd1 Re5 26. a3 Rc8
27. Rc3 Ne7 28. Rxc8 Nxc8 29. Bd4 Re6 30. Kf1 Ne7 31. Re1 Nc6 32. Rxe6 Kxe6 33.
Bc3 d4 34. Bd2 d3 35. f4 gxf4 36. Bxf4 Kf5 37. Bd2 Ke4 38. Bc3 f5 39. Kf2 f4 40.
b3 Ne7 41. g4 fxg3+ 42. hxg3 Nf5 43. Bd2 Nd4 44. b4 Nb3 45. Bf4 Nd4 46. Bd2 Nc2
47. a4 Kd4 48. b5 Kc4 49. Kf3 Kb3 50. a5 bxa5 51. Bxa5 Nb4 52. b6 axb6 53. Bxb6
d2 54. Ke2 Kc2 {White resigns} 0-1

[Event "Team 45 45 League T48"]
[Site "Internet Chess Club"]
[Date "2011.03.31"]
[Round "8"]
[White "dondel"]
[Black "Burbia"]
[Result "0-1"]
[WhiteElo "1196"]
[BlackElo "1330"]
[Opening "French defense"]
[ECO "C00"]
[Time "17:05:08"]
[TimeControl "2700+45"]

1. e4 e6 2. Nc3 d5 3. exd5 exd5 4. d4 Nf6 5. Bd3 Be7 6. Nf3 O-O 7. O-O Re8 8.
Re1 Nc6 9. a3 Bg4 10. Be2 Bd6 11. b4 Ne4 12. Nxe4 Rxe4 13. h3 Bxf3 14. Bxf3
Rxe1+ 15. Qxe1 Nxd4 16. Bd1 Qe7 17. Kf1 Re8 18. Qxe7 Rxe7 19. c3 Nb5 20. Bd2 Be5
21. Bf3 c6 22. Be2 Nxc3 23. Bxc3 Bxc3 24. Rd1 d4 25. f3 b6 26. g4 h6 27. h4 c5
28. bxc5 bxc5 29. f4 a5 30. a4 Re3 31. Kf2 Kf8 32. f5 f6 33. h5 Bb4 34. Ra1 Ra3
35. Rxa3 Bxa3 36. Kf3 Ke7 37. Ke4 Kd6 38. Kd3 Ke5 39. Kc4 Kf4 40. Kb5 Bb4 41.
Kc4 Ke3 42. Bd1 d3 43. Bb3 d2 44. Kd5 Kf2 45. Bc2 Ke1 46. Kc4 d1=Q 47. Bxd1 Kxd1
48. Kd3 Kc1 49. Kc4 Kb2 50. Kb5 Ka3 {White resigns} 0-1

[Event "Team 45 45 League T48"]
[Site "Internet Chess Club"]
[Date "2011.04.04"]
[Round "8"]
[White "BaumDeezy"]
[Black "Tjet"]
[Result "1-0"]
[WhiteElo "1511"]
[BlackElo "1527"]
[Opening "English opening"]
[ECO "A10"]
[Time "19:01:33"]
[TimeControl "2700+45"]

1. c4 d6 2. g3 e5 3. Bg2 c6 4. d4 exd4 5. Qxd4 Qf6 6. Nf3 Qxd4 7. Nxd4 Be7 8.
Nc3 Nf6 9. O-O Na6 10. Nxc6 Nc7 11. Nxe7 Kxe7 12. Bg5 h6 13. Bxf6+ gxf6 14. Nd5+
Nxd5 15. Bxd5 Be6 16. Rfd1 Rab8 17. b3 b5 18. cxb5 Rxb5 19. Bg2 Rc5 20. Rac1
Rhc8 21. Rxc5 Rxc5 22. e3 Rc2 23. Ra1 a5 24. Be4 Rb2 25. Bc6 Kd8 26. Ba4 Bh3 27.
a3 Ke7 28. b4 axb4 29. axb4 Rxb4 30. Bc6 Kf8 31. Rd1 Ke7 32. Ra1 Kf8 33. Rd1 Ke7
34. Bg2 Bxg2 35. Kxg2 f5 36. Kf3 Ke6 37. Ra1 Rb8 38. Ra4 Rg8 39. Rh4 Rg6 40. Kf4
Rf6 41. Rh5 d5 42. h3 Rg6 43. Rxf5 f6 44. h4 Rg8 45. Rh5 Rh8 46. g4 Rh7 47. Rf5
Rg7 48. Rh5 Rg6 49. f3 Rg8 50. e4 dxe4 51. Kxe4 Rh8 52. g5 fxg5 53. hxg5 Kf7 54.
Rxh6 Rxh6 55. gxh6 Kg6 56. Ke5 Kxh6 57. Kf6 Kh7 58. Kf7 Kh6 59. f4 Kh5 60. f5
Kg5 61. f6 Kf5 62. Kg7 Ke6 63. f7 {Black resigns} 1-0